 Dungeon Crawl Stone Soup version 0.19.1 (webtiles) character file.

277 empire the Covert (level 6, -1/44 HPs)
             Began as a Vampire Assassin on Dec 22, 2016.
             Slain by a black bear (9 damage)
             ... on level 5 of the Dungeon.
             The game lasted 00:06:25 (2240 turns).

empire the Covert (Vampire Assassin)                Turns: 2240, Time: 00:06:26

Health: -1/44      AC:  4    Str: 10    XL:     6   Next: 4%
Magic:  6/6        EV: 12    Int: 19    God:
Gold:   103        SH:  0    Dex: 17    Spells: 0 memorised, 5 levels left

rFire  . . .     SeeInvis +     a - +2 dagger
rCold  + . .     Gourm    .     c - +0 robe
rNeg   . . .     Faith    .     (no shield)
rPois  .         Spirit   .     (no helmet)
rElec  .         Reflect  .     d - +0 cloak
rCorr  .         Harm     .     t - +0 pair of gloves
MR     .....                    (no boots)
Stlth  ++++......               (no amulet)
                                (no ring)
                                r - ring of protection from cold

@: brilliant, regenerating quickly
A: fangs 3, see invisible, unbreathing
a: no special abilities


You were on level 5 of the Dungeon.
You were full.

You visited 1 branch of the dungeon, and saw 5 of its levels.

You collected 103 gold pieces.

Inventory:

Hand Weapons
 a - a +2 dagger (weapon)
 b - a +0 blowgun
 i - a +0 vampiric hand axe
 v - a +3 hand axe
Missiles
 e - 8 poisoned needles
 f - 2 curare-tipped needles
 s - 20 arrows
Armour
 c - a +0 robe (worn)
 d - a +0 cloak (worn)
 t - a +0 pair of gloves (worn)
Jewellery
 r - a ring of protection from cold (left hand)
Wands
 u - a wand of teleportation (1/9)
Scrolls
 h - 2 scrolls of recharging {unknown}
 j - a scroll of immolation {unknown}
 k - 2 scrolls of blinking {unknown}
 l - 4 scrolls of remove curse {unknown}
 m - 2 scrolls of identify {unknown}
 n - a scroll of enchant armour {unknown}
Potions
 g - 3 potions of blood


   Skills:
 - Level 1.7 Fighting
 - Level 5.0 Short Blades
 - Level 1.5 Throwing
 - Level 1.1 Dodging
 + Level 9.1 Stealth


You had 5 spell levels left.
You didn't know any spells.

Dungeon Overview and Level Annotations

Branches:
Dungeon (5/15)
 Temple: D:4-7

Altars:
Nemelex Xobeh
Okawaru

Annotations:
D:4 Sigmund


Innate Abilities, Weirdness & Mutations

Your natural rate of healing is unusually fast.
You have razor-sharp teeth.
You have supernaturally acute eyesight. (SInv)
You can survive without breathing.


Message History

The black bear claws you but does no damage. x2
Found 29 stones and a scroll labeled TUOMNEPHEE.
There is an open gate here.
You see here 29 stones.
The black bear barely misses you. The black bear completely misses you.
The black bear misses you.
You see here a scroll labeled TUOMNEPHEE.
The helpless ogre fails to defend itself.
You skewer the ogre like a kebab!!!
You kill the ogre!
You hear a splash.
Your Stealth skill increases to level 9!
You have reached level 6!
Your experience leads to an increase in your attributes!
Your base attributes are Str 10, Int 14, Dex 16.
Increase (S)trength, (I)ntelligence, or (D)exterity?
You feel agile.
n - a scroll labeled TUOMNEPHEE The black bear bites you!
You die...

####... #.....# # #
#...... .♣. #...... #.#
#......
##.##########......
#≈.≈#...##.........
#≈.≈#..............
#≈@)#.#...#........
#rh≈#.###..........
#≈.≈#.# ##.........
#≈.J### #......... #.(.#
#.........
....#''o######.........
............###.......†
.......#...............
........###o###.####....


You could see a black bear, a jelly, an orc and a quokka.

Vanquished Creatures
  An ogre (D:5)
  A scorpion (D:5)
  A worker ant (D:5)
  A gnoll (D:3)
  6 adders
  A worm (D:2)
  A dart slug (D:2)
  2 leopard geckos
  4 orcs
  7 bats
  4 giant cockroaches
  6 goblins
  6 hobgoblins
  8 frilled lizards
  4 kobolds
  A quokka skeleton (D:5)
  4 rats
58 creatures vanquished.

Notes
Turn   | Place    | Note
-------+----------+-------------------------------------------
     0 | D:1      | empire the Vampire Assassin began the quest for the Orb.
     0 | D:1      | Reached XP level 1. HP: 16/16 MP: 1/1
   157 | D:1      | Reached XP level 2. HP: 14/22 MP: 2/2
   794 | D:2      | Reached XP level 3. HP: 4/27 MP: 3/3
  1335 | D:2      | Reached XP level 4. HP: 32/33 MP: 4/4
  1436 | D:3      | Reached skill level 5 in Short Blades
  1455 | D:3      | Found an iron altar of Okawaru.
  1487 | D:3      | Reached skill level 6 in Stealth
  1691 | D:3      | Noticed an ogre
  1759 | D:3      | Found a sparkling altar of Nemelex Xobeh.
  1895 | D:4      | Noticed Sigmund
  1976 | D:5      | Entered Level 5 of the Dungeon
  1985 | D:5      | HP: 1/33 [orc/whip (5)]
  1994 | D:5      | Reached skill level 7 in Stealth
  1994 | D:5      | Reached XP level 5. HP: 17/38 MP: 5/5
  2075 | D:5      | Reached skill level 8 in Stealth
  2203 | D:5      | Noticed a black bear
  2232 | D:5      | Noticed an ogre
  2239 | D:5      | Killed an ogre
  2239 | D:5      | Reached skill level 9 in Stealth
  2239 | D:5      | Reached XP level 6. HP: 7/44 MP: 6/6
  2240 | D:5      | Slain by a black bear

Skill      XL: |  1  2  3  4  5 |
---------------+----------------+-----
Short Blades   | 3 4 5 |  5.0
Stealth        | 7 9 |  9.1
Fighting       | |  1.7
Throwing       | |  1.5
Dodging        | |  1.1

Action                   |  1- 3 |  4- 6 || total
-------------------------+-------+-------++-------
Melee: Dagger            |   118 |    99 ||   217
       Bite              |    10 |    12 ||    22
  Use: Potion            |       |     6 ||     6
 Stab: Sleeping          |     7 |     5 ||    12
       Invisible         |       |     3 ||     3
  Eat: Corpse            |     7 |     4 ||    11
Armor: Robe              |    34 |    34 ||    68
Dodge: Dodged            |    67 |    95 ||   162
